 Dungeon Sprint DCSS version 0.20-a0-640-g62ed22f (webtiles) character file.

0 esc the Skirmisher (level 2, -1/25 HPs)
             Began as a Demonspawn Fighter on Feb 12, 2017.
             Was an Initiate of Makhleb.
             Slain by an adder (4 damage)
             ... in the Dungeon (Sprint VI: "Thunderdome").
             The game lasted 00:01:25 (62 turns).

esc the Skirmisher (Demonspawn Fighter)               Turns: 62, Time: 00:01:26

Health: -1/25      AC:  3    Str: 13    XL:     2   Next: 75%
Magic:  2/2        EV: 10    Int:  9    God:    Makhleb [......]
Gold:   15         SH:  8    Dex: 12    Spells: 1/1 levels left

rFire    . . .     SeeInvis .   a - +0 trident
rCold    . . .     Gourm    .   p - +1 animal skin "Odghom" {rN+ Str-3 Stlth+} (curse)
rNeg     + . .     Faith    .   c - +0 shield
rPois    .         Spirit   .   (no helmet)
rElec    .         Reflect  .   (no cloak)
rCorr    .         Harm     .   (no gloves)
MR       .....     NoTele   +   (no boots)
Stlth    ++........             (no amulet)
Regen    0.1/turn               (no ring)
MPRegen  0.1/turn               (no ring)

@: no status effects
A: demonic guardian 1
a: Renounce Religion


You were in the Dungeon.
You worshipped Makhleb.
Makhleb was noncommittal.
You were not hungry.

You visited 1 branch You collected 200 gold pieces.
You spent 185 gold pieces at shops.

Inventory:

Hand Weapons
 a - a +0 trident (weapon)
Armour
 b - a +0 scale mail
 c - a +0 shield (worn)
 p - the cursed +1 animal skin "Odghom" (worn) {rN+ Str-3 Stlth+}
   (You bought it in a shop in the Dungeon)

   It affects your strength (-3).
   It protects you from negative energy.
   It makes you more stealthy.
   It has a curse placed upon it.
Wands
 l - a wand of acid (5/15)
   (You found it in the Dungeon)
 m - a wand of iceblast (5/15)
   (You found it in the Dungeon)
Scrolls
 k - 4 scrolls of blinking {!r}
 n - 3 scrolls of fog
Potions
 d - a potion of might
 e - a potion of curing
 g - 4 potions of heal wounds
 h - 4 potions of haste
 i - 2 potions of magic
 j - a potion of berserk rage {!q}
 o - a potion of resistance
Comestibles
 f - a bread ration {@e1}
 q - a chunk of flesh {@w0}


   Skills:
 + Level 4.0 Fighting
 + Level 2.9 Polearms
 + Level 3.5 Armour
 + Level 1.7 Dodging
 + Level 3.4 Shields


You had one spell level left.
You didn't know any spells.

Dungeon Overview and Level Annotations

Branches:
Dungeon (1/1)

Altars:
Gozag
Kikubaaqudgha
Makhleb
Qazlal
Ru
Uskayaw
Vehumet
Beogh

Shops:
D *[%?


Innate Abilities, Weirdness & Mutations

A weak demonic guardian rushes to your aid.


Message History

The worker ant bites you but does no damage.
You closely miss the worker ant. You block the worker ant's attack.
You hit the worker ant. You block the worker ant's attack.
The worker ant bites you.
You take 4 damage, and have 14/18 hp.
MASSIVE DAMAGE!!
You barely miss the worker ant.
The worker ant bites you but does no damage.
Your shield prevents you from hitting the worker ant.
The worker ant barely misses you. x2
You closely miss the worker ant. The worker ant barely misses you.
You block the worker ant's attack.
You hit the worker ant.
The worker ant bites you but does no damage.
You hit the worker ant but do no damage.
The worker ant barely misses you. You block the worker ant's attack.
Your shield and scale mail prevent you from hitting the worker ant.
The worker ant bites you but does no damage.
You barely miss the worker ant. The worker ant bites you.
The worker ant bites you but does no damage.
You take 4 damage, and have 10/18 hp.
MASSIVE DAMAGE!!
You hit the worker ant but do no damage.
The worker ant bites you but does no damage.
You hit the worker ant. The worker ant bites you. x2
You are lethally poisoned!
The worker ant poisons you!
You take 4 damage, and have 7/18 hp.
MASSIVE DAMAGE!!
You hit the worker ant but do no damage.
You feel sick. You block the worker ant's attack.
You take 1 damage, and have 6/18 hp.
You puncture the worker ant!
You kill the worker ant!
Makhleb accepts your kill.
Your Polearms skill increases to level 2!
Your Armour skill increases to level 3!
Your Dodging skill increases to level 1!
Your Shields skill increases to level 3!
You have reached level 2!
Your demonic ancestry asserts itself...
You feel the presence of a demonic guardian.
You feel sick.
MP restored: 2 You see here a worker ant corpse.
You butcher the worker ant corpse.
You feel sick.
q - a chunk of flesh {@w0} You take 1 damage, and have 6/25 hp.
You feel sick.
You feel sick.
There is an entrance to Zeni's Advanced Armour here.
You take 1 damage, and have 5/25 hp.
Wear which item (? for menu, Esc to quit)
You start removing your armour.
You continue taking off your +0 scale mail. x2
Keep disrobing?
You stop removing your armour.
You are too injured to fight recklessly!
You are too injured to fight recklessly!
You feel sick.
You take 1 damage, and have 4/25 hp.
Attack whom?
Aim: a bat You reach to attack!
You closely miss the bat. The bat hits you but does no damage.
Attack whom?
Aim: a bat You hit the bat but do no damage.
The bat hits you but does no damage.
Attack whom?
Aim: a bat You reach to attack!
You hit the bat.
You kill the bat!
Makhleb accepts your kill.
Your Fighting skill increases to level 4!
You feel sick.
You take 1 damage, and have 3/25 hp.
Wear which item (? for menu, Esc to quit)
You start removing your armour.
You continue taking off your +0 scale mail. x3
You feel sick.
You continue taking off your +0 scale mail.
You finish taking off your +0 scale mail.
You start putting on your armour.
You continue putting on your jewelled animal skin. x3
You feel sick.
You are no longer poisoned.
You continue putting on your jewelled animal skin. x2
You finish putting on the cursed +1 animal skin "Odghom" {rN+ Str-3 Stlth+}.
Oops, that feels deathly cold.
You take 1 damage, and have 2/25 hp.
Okay, then.
An adder comes into view.
Attack whom?
Aim: an adder You reach to attack!
You miss the adder.
Your ufetubus closely misses the adder.
Your ufetubus misses the adder.
Attack whom?
Aim: an adder You barely miss the adder.
Your ufetubus closely misses the adder.
Your ufetubus hits the adder. The adder bites you.
You die...

###.........
#⌠....... .
######.8..... ..
##∩__.......# ..
###∩........8.# .8.
##.............###...
#⌠..........###...#
#⌠..........# #.<.#
#⌠..@S5.....###...#
##.............###..
###∩........8.# .8.
##∩___......# ..
######.8..... ..
#§....... . ###......
. _.... ...


You could see an adder and a friendly ufetubus.

Vanquished Creatures
  A worker ant (D)
  A bat (D)
2 creatures vanquished.

Notes
Turn   | Place    | Note
-------+----------+-------------------------------------------
     0 | D        | esc the Demonspawn Fighter began the quest for the Orb.
     0 | D        | Reached XP level 1. HP: 18/18 MP: 1/1
     1 | D        | Found a stormy altar of Qazlal.
     2 | D        | Found a roughly hewn altar of Beogh.
     2 | D        | Found a radiant altar of Vehumet.
     3 | D        | Found an opulent altar of Gozag.
     3 | D        | Found a burning altar of Makhleb.
     4 | D        | Found Yfrecewy's Bee Food.
     4 | D        | Found an ancient bone altar of Kikubaaqudgha.
     4 | D        | Found a sacrificial altar of Ru.
     4 | D        | Found Adosopha's Identification Station.
     5 | D        | Found Houtyom's Jewellery.
     5 | D        | Found Zeni's Advanced Armour.
     5 | D        | Round 1.
     7 | D        | Found a hide-covered altar of Uskayaw.
    11 | D        | Became a worshipper of Makhleb the Destroyer
    14 | D        | Bought a jewelled animal skin for 185 gold pieces
    17 | D        | Noticed a worker ant
    33 | D        | Killed a worker ant
    33 | D        | Reached skill level 2 in Polearms
    33 | D        | Reached skill level 3 in Armour
    33 | D        | Reached skill level 1 in Dodging
    33 | D        | Reached skill level 3 in Shields
    33 | D        | Gained mutation: A weak demonic guardian rushes to your aid. [demonic ancestry]
    33 | D        | Reached XP level 2. HP: 8/25 MP: 2/2
    35 | D        | HP: 6/25 [poisoned by a worker ant]
    43 | D        | HP: 4/25 [poisoned by a worker ant]
    46 | D        | Reached skill level 4 in Fighting
    50 | D        | HP: 3/25 [poisoned by a worker ant]
    57 | D        | Identified the cursed +1 animal skin "Odghom" {rN+ Str-3 Stlth+} (You bought it in a shop in the Dungeon)
    62 | D        | Slain by an adder

Vault maps used:
D:        arena_sprint

Skill      XL: |  1  2 |
---------------+-------+-----
Polearms       | 2 |  2.9
Armour         | 3 |  3.5
Dodging        | 1 |  1.7
Shields        | 3 |  3.4
Fighting       | 4 |  4.0

Action                   || total
-------------------------++-------
Melee: Trident           ||    18
Armor: Scale mail        ||     8
Dodge: Dodged            ||     4
Block: Shield            ||     5

Vault maps used:
D:        arena_sprint

Table legend:
 A = Turns spent in this place as a percentage of turns spent in the entire game.
 B = Non-inter-level travel turns spent in this place as a percentage of non-inter-level travel turns spent in the entire game.
 C = Inter-level travel turns spent in this place as a percentage of turns spent in this place.
 D = Turns resting spent in this place as a percentage of non-inter-level travel turns spent in this place.
 E = Turns spent auto-exploring this place as a percentage of non-inter-level travel turns spent in this place.
 F = Non-inter-level travel turns spent in this place divided by the number of levels of this place that you've seen.
                   A       B       C       D       E      F
               +-------+-------+-------+-------+-------+----------------------
         Total | 100.0 | 100.0 |   0.0 |   0.0 |   0.0 |  57.0
       Dungeon | 100.0 | 100.0 |   0.0 |   0.0 |   0.0 |  57.0
               +-------+-------+-------+-------+-------+----------------------

Table legend:
 A = Kills in this place as a percentage of kills in entire the game.
 B = Kills by you in this place as a percentage of kills by you in the entire game.
 C = Kills by friends in this place as a percentage of kills by friends in the entire game.
 D = Other kills in this place as a percentage of other kills in the entire game.
 E = Experience gained in this place as a percentage of experience gained in the entire game.
 F = Experience gained in this place divided by the number of levels of this place that you have seen.
                   A       B       C       D       E      F
               +-------+-------+-------+-------+-------+----------------------
         Total | 100.0 | 100.0 |  -nan |  -nan | 100.0 |  34.0
       Dungeon | 100.0 | 100.0 |  -nan |  -nan | 100.0 |  34.0
               +-------+-------+-------+-------+-------+----------------------
